 Dungeon Crawl Stone Soup version 0.28.0 (webtiles) character file.

Game seed: 10825774550018990922

119 unlimited1921 the Shield-Bearer (level 4, -3/45 HPs)
             Began as a Troll Fighter on Feb 13, 2022.
             Killed from afar by a steam dragon (14 damage)
             ... with a ball of steam
             ... on level 3 of the Dungeon.
             The game lasted 00:05:10 (1456 turns).

unlimited1921 the Shield-Bearer (Troll Fighter)     Turns: 1456, Time: 00:05:11

Health: -3/45      AC:  4    Str: 24    XL:     4   Next: 74%
Magic:  3/3        EV:  9    Int:  4    God:
Gold:   62         SH:  7    Dex: 11    Spells: 3/3 levels left

rFire   . . .      SeeInvis .   a - +0 war axe
rCold   . . .      Faith    .   c - +0 kite shield
rNeg    . . .      Spirit   .   b - +0 robe
rPois   .          Reflect  .   (helmet restricted)
rElec   .          Harm     .   (no cloak)
rCorr   .          Rampage  .   (gloves unavailable)
Will    .....                   (boots unavailable)
Stlth   +.........              h - amulet of magic regeneration
HPRegen 0.95/turn               i - ring of flight
MPRegen 0.48/turn               (no ring)

@: flying
A: large, unfitting armour, claws 3, regeneration 1, shaggy fur 1, tough skin 1
a: no special abilities


You were on level 3 of the Dungeon.
You visited 1 branch of the dungeon, and saw 3 of its levels.

You collected 62 gold pieces.

Inventory:

Hand Weapons
 a - a +0 war axe (weapon)
Missiles
 f - 63 stones
 g - 4 javelins (quivered)
Armour
 b - a +0 robe (worn)
 c - a +0 kite shield (worn)
Jewellery
 h - an amulet of magic regeneration (around neck)
 i - a ring of flight (left claw)
 j - an amulet of guardian spirit
Scrolls
 k - 2 scrolls of amnesia {unknown}
 l - a scroll of noise {unknown}
 m - a scroll of identify {unknown}
Potions
 d - a potion of might
 e - a potion of haste {unknown}
 n - a potion of flight {unknown}


   Skills:
 * Level 3.0 Fighting
 + Level 2.5 Axes
 + Level 3.0 Dodging
 + Level 0.3 Stealth
 + Level 3.0 Shields


You had 3 spell levels left.
You didn't know any spells.
Your spell library was empty.

Dungeon Overview and Level Annotations

Branches:
Dungeon (3/15)

Altars:
Vehumet

Shops:
D:2 [


Innate Abilities, Weirdness & Mutations

You are too large for most types of armour.
You have claws for hands.
Your natural rate of healing is unusually fast.
You are covered in fur. (AC +1)
You have tough skin. (AC +1)


Message History

The helpless rat fails to defend itself.
You slash the rat!
You kill the rat!
You see here a rat corpse.
A steam dragon comes into view.
The steam dragon hisses angrily.
Throw: 5 javelins
Press: ? - help, Q - select action, (/) - cycle Shift-Dir - straight line, f - steam dragon
Aim: a steam dragon (56% to hit)
You throw a javelin.
The javelin pierces through the steam dragon but does no damage.
You slash the steam dragon!
The steam dragon is moderately wounded.
You block the steam dragon's attack.
The steam dragon claws you but does no damage.
You hit the steam dragon.
The steam dragon is heavily wounded.
The steam dragon bites you but does no damage.
You block the steam dragon's attack. The steam dragon breathes steam at you.
The ball of steam misses you.
You barely miss the steam dragon.
The steam dragon is heavily wounded.
You are engulfed in a cloud of scalding steam.
You block the steam dragon's attack. The steam dragon claws you.
You closely miss the steam dragon.
The steam dragon is heavily wounded.
You are engulfed in a cloud of scalding steam.
A quokka comes into view.
The steam dragon bites you! The steam dragon completely misses you.
The steam dragon bites you.
* * * LOW HITPOINT WARNING * * *
The steam dragon misses you. The steam dragon bites you!
* * * LOW HITPOINT WARNING * * *
The steam dragon barely misses you.
You are too injured to fight recklessly!
The steam dragon breathes steam at you. The ball of steam hits you!
You die...

#.# #.# #.#
############
#.#
#...†.<....#
#§#
#.########.#
#.# #.# #.#
#.#
#######.####@#
........r.##D#
######§##.##r#
#( #....# #.
###### #. #r
#. #.


You could see a steam dragon (catching breath) and a quokka.

Vanquished Creatures
  Natasha (thrice) (D:2)
  An adder (D:2)
  A worm (D:2)
  5 ball pythons
  3 endoplasms
  3 goblins (D:1)
  3 hobgoblins
  3 jackals (D:2)
  A kobold (D:2)
  2 bats (D:2)
  7 frilled lizards
  3 rats
35 creatures vanquished.

Notes
Turn   | Place    | Note
-------+----------+-------------------------------------------
     0 | D:1      | unlimited1921 the Troll Fighter began the quest for the
                  | Orb.
     0 | D:1      | Reached XP level 1. HP: 22/22 MP: 0/0
   104 | D:1      | Reached XP level 2. HP: 29/29 MP: 1/1
   642 | D:2      | Noticed Natasha
   658 | D:2      | Killed Natasha
   659 | D:2      | Reached XP level 3. HP: 30/36 MP: 2/2
   884 | D:2      | Found Mel Deag's Antique Armour Shop.
   993 | D:2      | Found a faded altar of an unknown god.
  1093 | D:2      | Found a radiant altar of Vehumet.
  1093 | D:2      | Noticed Natasha
  1100 | D:2      | Killed Natasha
  1101 | D:2      | Reached XP level 4. HP: 27/44 MP: 3/3
  1171 | D:2      | Noticed Natasha
  1179 | D:2      | Killed Natasha
  1442 | D:3      | Noticed a steam dragon
  1456 | D:3      | Killed from afar by a steam dragon

Illustrated notes

Levels and vault maps discovered:
D:1:      eino_arrival_water_cross, layout_basic, minmay_tromino_v2
D:2:      layout_loops_ring, basic_altar, serial_shops, nicolae_square_shop,
          ebering_ecumenical_altar_webs, uniq_natasha
D:3:      layout_loops_ring, nicolae_uskayaw_suspiria, kennysheep_flooded_box,
          kennysheep_pointless_box, amethyst_killhole

Skill      XL: |  1  2  3  4 |
---------------+-------------+-----
Axes           | 2 |  2.5
Shields        | 3 |  3.0
Fighting       | 3 |  3.0
Dodging        | 3 |  3.0
Stealth        | |  0.3

Action                   |  1- 3 |  4- 6 || total
-------------------------+-------+-------++-------
Melee: War axe           |   106 |    23 ||   129
Throw: Javelin           |       |     5 ||     5
 Stab: Sleeping          |       |     1 ||     1
Armor: Robe              |    43 |     8 ||    51
Dodge: Dodged            |    54 |     8 ||    62
Block: Kite shield       |    40 |    10 ||    50
